 Dungeon Crawl Stone Soup version 0.21.0-3-g78d12a8 (console) character file.

196 hilaritas the Slasher (level 5, 0/45 HPs)
             Began as a Minotaur Gladiator on Jan 14, 2018.
             Was an Initiate of Elyvilon.
             Slain by a wight
             ... wielding a cursed +0 battleaxe
              (1 damage)
             ... on level 3 of the Dungeon.
             The game lasted 00:06:17 (2622 turns).

hilaritas the Slasher (Minotaur Gladiator)          Turns: 2622, Time: 00:06:18

Health: 0/45       AC:  5    Str: 18    XL:     5   Next: 46%
Magic:  4/4        EV: 15    Int:  6    God:    Elyvilon [......]
Gold:   90         SH:  4    Dex: 17    Spells: 4/4 levels left

rFire    . . .     SeeInvis .   a - +0 long sword
rCold    . . .     Gourm    .   k - +0 buckler
rNeg     . . .     Faith    .   l - +0 ring mail
rPois    .         Spirit   .   c - +0 hat
rElec    .         Reflect  .   (no cloak)
rCorr    .         Harm     .   (no gloves)
MR       .....                  (no boots)
Stlth    ++........             (no amulet)
HPRegen  0.15/turn              (no ring)
MPRegen  0.09/turn              (no ring)

@: agile, heavily drained
A: retaliatory headbutt, horns 2
a: Renounce Religion


You were on level 3 of the Dungeon.
You worshipped Elyvilon.
Elyvilon was noncommittal.
You were not hungry.

You visited 1 branch of the dungeon, and saw 3 of its levels.

You collected 90 gold pieces.

Inventory:

Hand Weapons
 a - a +0 long sword (weapon)
 i - a +0 short sword
 s - a +0 falchion
Missiles
 d - 3 throwing nets (quivered)
 n - 7 javelins
Armour
 c - a +0 hat (worn)
 k - a +0 buckler (worn)
 l - a +0 ring mail (worn)
Scrolls
 g - 4 scrolls of remove curse
 t - 2 scrolls of teleportation
Potions
 b - 2 potions of magic
 e - a potion of brilliance
 h - a potion of flight
 j - a potion of agility
 o - a potion of degeneration {unknown}
 p - a potion of curing {unknown}
 r - a potion of berserk rage {unknown}
Comestibles
 f - 2 rations
 m - a chunk of flesh


   Skills:
 + Level 3.5(2.0) Fighting
 * Level 6.7(5.1) Long Blades
 - Level 2.0(0.6) Throwing
 - Level 3.2(1.8) Dodging
 * Level 1.3(0.0) Shields
 * Level 0.7(0.0) Invocations


You had 4 spell levels left.
You didn't know any spells.

Dungeon Overview and Level Annotations

Branches:
Dungeon (3/15)

Altars:
Elyvilon
Nemelex Xobeh


Innate Abilities, Weirdness & Mutations

You reflexively headbutt those who attack you in melee.
You have a pair of horns on your head.


Message History

The wight is severely damaged.
The wight hits you from afar with a spear.
The wight hits you with a battleaxe!
You feel drained.
It was a potion of agility.
You feel agile all of a sudden.
The wight hits you from afar with a spear.
You block the wight's attack.
You barely miss the wight.
The wight is severely damaged.
The wight hits you from afar with a spear!
* * * LOW HITPOINT WARNING * * *
You feel drained.
* * * LOW HITPOINT WARNING * * *
Unknown command.
You closely miss the wight.
The wight is severely damaged.
The wight hits you with a battleaxe.
* * * LOW HITPOINT WARNING * * *
You feel drained.
You die...

.# .. .## ..+ .# (#
.# .# .# .#
#########. .#
#.@zzz.... .#
######'######.. .#
#........# .#
#........#
.#########........#
.........'.รท...>..#
..########^.......#
..# ########## ..#
..# ..####


You could see 3 wights.

Vanquished Creatures
  4 gnolls (D:3)
  4 adders (D:3)
  An ooze (D:1)
  4 worms (D:2)
  2 dart slugs
  8 leopard geckos
  5 orcs (D:3)
  10 bats
  5 giant cockroaches
  12 goblins
  8 hobgoblins
  6 jackals (D:1)
  11 kobolds
  2 frilled lizards
  4 rats
86 creatures vanquished.

Notes
Turn   | Place    | Note
-------+----------+-------------------------------------------
     0 | D:1      | hilaritas the Minotaur Gladiator began the quest for the Orb.
     0 | D:1      | Reached XP level 1. HP: 18/18 MP: 0/0
    41 | D:1      | Reached skill level 4 in Long Blades
    55 | D:1      | Reached XP level 2. HP: 25/25 MP: 1/1
   236 | D:1      | Reached XP level 3. HP: 25/30 MP: 2/2
   304 | D:1      | Found a sparkling altar of Nemelex Xobeh.
   309 | D:1      | Reached skill level 5 in Long Blades
  1101 | D:2      | Reached XP level 4. HP: 27/38 MP: 3/3
  1429 | D:2      | Reached skill level 1 in Shields
  1552 | D:2      | Found a white marble altar of Elyvilon.
  1560 | D:2      | Became a worshipper of Elyvilon the Healer
  1691 | D:3      | Reached skill level 6 in Long Blades
  1955 | D:3      | Reached XP level 5. HP: 35/45 MP: 4/4
  2615 | D:3      | HP: 3/45 [wight/battleaxe (6)]
  2621 | D:3      | HP: 4/45 [wight/spear (4)]
  2622 | D:3      | HP: 1/45 [wight/battleaxe (3)]
  2622 | D:3      | Slain by a wight

Skill      XL: |  1  2  3  4 |
---------------+-------------+-----
Long Blades    | 4 5 6 |  6.7
Fighting       | 3 |  3.5
Shields        | 1 |  1.3
Throwing       | |  2.0
Dodging        | |  3.2
Invocations    | |  0.7

Action                   |  1- 3 |  4- 6 || total
-------------------------+-------+-------++-------
Melee: Long sword        |    90 |   111 ||   201
       Headbutt          |    13 |    13 ||    26
  Use: Scroll            |     5 |     2 ||     7
       Potion            |       |     3 ||     3
 Stab: Sleeping          |     1 |       ||     1
  Eat: Chunk             |     1 |     5 ||     6
Armor: Leather armour    |    16 |       ||    16
       Ring mail         |     4 |    33 ||    37
Dodge: Dodged            |    61 |    57 ||   118
Block: Buckler           |     9 |    21 ||    30
       Rpst.: Long sword |    14 |    18 ||    32
